 Dungeon Crawl Stone Soup version 0.19-a0-1834-g6b7851e (webtiles) character file.

31149 poirepourri the Unseen (level 13, 0/59 HPs)
             Began as a Spriggan Enchanter on Oct 9, 2016.
             Was an Elder of Dithmenos.
             Slain by a wolf (3 damage)
             ... on level 4 of the Lair of Beasts.
             The game lasted 00:43:02 (28240 turns).

poirepourri the Unseen (Spriggan Enchanter)        Turns: 28240, Time: 00:43:03

Health: 0/59       AC:  6    Str:  4    XL:     13   Next: 24%
Magic:  15/40      EV:  4    Int: 16    God:    Dithmenos [****..]
Gold:   617        SH:  0    Dex: 22    Spells: 7 memorised, 23 levels left

rFire  . . .     SeeInvis +     B - +1 dagger (venom)
rCold  + . .     Gourm    .     H - +1 robe {MR+}
rNeg   + + +     Faith    .     (shield restricted)
rPois  ∞         Spirit   .     (helmet restricted)
rElec  .         Dismiss  .     E - +2 cloak
rCorr  .         Reflect  .     (gloves unavailable)
MR     +++..     Harm     .     (boots unavailable)
Stlth  ++++++++++               (no amulet)
                                U - ring of the Ancients {rC+ Stlth+}
                                T - ring of magical power

@: petrified, very slightly contaminated, wreathed by umbra, very quick
A: unfitting armour, see invisible, herbivore 3, speed 3, slow metabolism 2
a: Shadow Step, Renounce Religion


You were on level 4 of the Lair of Beasts.
You worshipped Dithmenos.
Dithmenos was greatly pleased with you.
You were full.

You visited 3 branches of the dungeon, and saw 17 of its levels.
You also visited: Sewer.

You collected 982 gold pieces.
You spent 365 gold pieces at shops.

Inventory:

Hand Weapons
 a - a +4 vampiric dagger
 y - a +0 rapier of freezing
 B - a +1 dagger of venom (weapon)
Missiles
 f - 104 poisoned needles
Armour
 b - a +2 robe
 e - a +2 buckler
 E - a +2 cloak (worn)
 F - the +1 robe of Immorality {rCorr}
   (You bought it in a shop on level 9 of the Dungeon)

   It protects you from acid and corrosion.
 H - a +1 robe of magic resistance (worn)
Jewellery
 h - an uncursed amulet of the gourmand
 o - an uncursed amulet of dismissal
 L - a +2 ring of protection
 T - a ring of magical power (left hand)
 U - the ring of the Ancients (right hand) {rC+ Stlth+}
   (You found it on level 3 of the Lair of Beasts)

   [ring of stealth]

   It protects you from cold.
   It makes you more stealthy.
Wands
 m - a wand of digging (5/24)
 p - a wand of polymorph (15/24)
 x - a wand of polymorph (14/24)
 D - a wand of lightning (5/15)
 G - a wand of lightning (8/15)
 M - a wand of slowing (18/48)
 R - a wand of random effects (27/48)
 S - a wand of acid (11/15)
Scrolls
 n - 9 scrolls of remove curse
 v - 6 scrolls of magic mapping
 z - 5 scrolls of teleportation
 K - a scroll of enchant armour
 P - a scroll of amnesia
 V - a scroll of identify
Potions
 i - 5 potions of flight
 j - 3 potions of might
 k - 2 potions of lignification
 l - 10 potions of curing
 q - 4 potions of resistance
 r - a potion of heal wounds
 s - 2 potions of agility
 t - 3 potions of cancellation
 u - 2 potions of haste
 w - 3 potions of cure mutation
 N - 2 potions of mutation {unknown}
 O - a potion of ambrosia {unknown}
Books
 c - a book of Maledictions

   Spells                             Type                      Level
   a - Corona                         Hexes                        1
   b - Ensorcelled Hibernation        Hexes/Ice                    2
   c - Confuse                        Hexes                        3
   d - Tukima's Dance                 Hexes                        3
   e - Dazzling Spray                 Conjuration/Hexes            3
 C - a book of Minor Magic

   Spells                             Type                      Level
   a - Magic Dart                     Conjuration                  1
   b - Blink                          Translocation                2
   c - Call Imp                       Summoning                    2
   d - Repel Missiles                 Charms/Air                   2
   e - Slow                           Hexes                        2
   f - Conjure Flame                  Conjuration/Fire             3
   g - Mephitic Cloud                 Conjuration/Poison/Air       3
 Q - a book of Transfigurations

   Spells                             Type                      Level
   a - Irradiate                      Conjuration/Transmutation    5
   b - Statue Form                    Transmutation/Earth          6
   c - Hydra Form                     Transmutation                6
   d - Dragon Form                    Transmutation                7
Miscellaneous
 I - a crystal ball of energy
Comestibles
 d - 8 bread rations
 g - 12 fruits
 A - 4 slices of pizza


   Skills:
 + Level 2.5 Fighting
 + Level 6.6 Short Blades
 + Level 7.9 Dodging
 + Level 20.1 Stealth
 + Level 13.2 Spellcasting
 + Level 2.3 Conjurations
 + Level 12.7 Hexes
 - Level 1.0 Ice Magic
 + Level 1.1 Invocations


You had 23 spell levels left.
You knew the following spells:

 Your Spells              Type           Power        Failure   Level  Hunger
a - Corona                Hex            ######.      1%          1    None
b - Ensorcelled Hibernat  Hex/Ice        ####..       1%          2    None
c - Confuse               Hex            ######..     1%          3    None
d - Tukima's Dance        Hex            ######..     1%          3    None
e - Dazzling Spray        Conj/Hex       ####..       1%          3    None
f - Magic Dart            Conj           ###.         2%          1    None
g - Slow                  Hex            ######..     1%          2    None


Dungeon Overview and Level Annotations

Branches:
Dungeon (12/15)            Temple (1/1) D:6            Lair (4/6) D:9
 Shoals (0/4) Lair:2          Orc (0/2) D:11
  Snake: Lair:2-4    Spider: Lair:2-4

Altars:
Ashenzari
Cheibriados
Dithmenos
Elyvilon
Fedhas
Gozag
Hepliaklqana
Kikubaaqudgha
Makhleb
Nemelex Xobeh
Okawaru
Qazlal
Ru
Sif Muna
Trog
Uskayaw
Vehumet
Xom
Yredelemnul
Zin
The Shining One
Beogh
Lugonu

Shops:
D:6 [   D:9 [

Portals:
Abyss: D:1
Volcano: Lair:2


Innate Abilities, Weirdness & Mutations

You are very small and have problems with some larger weapons.
You are too small for most types of armour.
You have supernaturally acute eyesight. (SInv)
You are a herbivore.
You cover ground extremely quickly.
You need consume almost no food.


Message History

The catoblepas breathes a plume of calcifying dust at you.
The blast of calcifying dust hits you! The wolf bites you.
You are engulfed in calcifying dust.
The wolf bites you. The catoblepas gores you!
* * * LOW HITPOINT WARNING * * *
You are engulfed in calcifying dust.
The wolf barely misses you. The wolf bites you but does no damage.
The catoblepas barely misses you.
You are engulfed in calcifying dust.
The wolf bites you.
The catoblepas breathes a plume of calcifying dust at you.
The blast of calcifying dust hits you!
* * * LOW HITPOINT WARNING * * *
The wolf bites you!
* * * LOW HITPOINT WARNING * * *
You are engulfed in calcifying dust.
The wolf bites you.
* * * LOW HITPOINT WARNING * * *
The catoblepas breathes a plume of calcifying dust at you.
The blast of calcifying dust hits you!
* * * LOW HITPOINT WARNING * * *
The wolf bites you.
You die...

...≈≈≈≈≈≈≈≈≈..†.......
...≈≈≈≈≈≈≈≈≈.##.......
...≈≈≈≈.≈≈≈≈.# ......#
...≈≈≈≈<.≈≈≈.# .....##
(.≈≈≈≈.≈≈≈≈≈.# ....##
...≈≈≈≈≈≈≈≈≈.##....P#
....≈≈≈≈≈≈≈≈..#....##
....≈≈≈≈≈Y≈≈.##....P
........@h...#
.....#.§#...##
......§.........
................
.................
..§........%.....
............%....
P..####...%P%%...


You could see a catoblepas and a wolf.

Vanquished Creatures
  Josephine (D:10)
  Harold (D:10)
  Erolcha (D:10)
  4 hydras
  3 orc knights
  A hill giant (D:10)
  A lindwurm (Lair:2)
  An orc sorcerer (D:9)
  3 ugly things
  Maurice (D:10)
  A gargoyle (D:10)
  2 spiny frogs
  2 komodo dragons
  3 trolls
  A polar bear (Lair:2)
  2 two-headed ogres
  3 hornets
  6 blink frogs (Lair:1)
  4 hippogriffs
  2 dream sheep (D:9)
  6 wraiths (D:10)
  2 vampires
  Eustachio (D:5)
  27 yaks
  5 wyverns
  4 hungry ghosts
  15 wargs
  3 water moccasins
  A porcupine (Lair:2)
  A phantom (D:5)
  3 sky beasts
  2 ice beasts
  13 orc warriors
  A necrophage (D:10)
  4 ogres
  6 wolves
  7 centaurs
  4 crocodiles
  5 big kobolds
  18 bullfrogs
  3 scorpions
  12 killer bees
  10 wights
  2 electric eels (Lair:2)
  2 howler monkeys (D:10)
  A centaur zombie (D:7)
  2 crimson imps
  A quasit (D:11)
  10 hounds
  A jelly (D:6)
  2 bullfrog skeletons
  2 centaur skeletons
  10 orc priests
  2 iguanas
  3 orc wizards (D:9)
  15 worker ants
  2 hound skeletons
  A howler monkey zombie (D:7)
  5 worker ant zombies
  Robin (D:3)
  11 adders
  A howler monkey skeleton (D:6)
  2 river rats (Sewer)
  5 gnolls
  2 shadow imps
  3 oozes
  An adder skeleton (D:9)
  An adder zombie (D:6)
  3 worms
  A dart slug (D:2)
  10 leopard geckos
  79 orcs
  7 ball pythons
  6 bats
  15 giant cockroaches
  14 goblins
  10 hobgoblins
  7 jackals
  5 quokkas
  A ball python skeleton (D:4)
  6 frilled lizards
  28 kobolds
  A leopard gecko skeleton (D:8)
  A quokka skeleton (D:5)
  30 rats
508 creatures vanquished.

Vanquished Creatures (others)
  A fungus (Lair:1)
  A plant (D:9)
2 creatures vanquished.

Grand Total: 510 creatures vanquished

Notes
Turn   | Place    | Note
-------+----------+-------------------------------------------
     0 | D:1      | poirepourri the Spriggan Enchanter began the quest for the Orb.
     0 | D:1      | Reached XP level 1. HP: 9/9 MP: 5/5
   280 | D:1      | Reached XP level 2. HP: 12/13 MP: 6/6
   285 | D:1      | Learned a level 2 spell: Ensorcelled Hibernation
   466 | D:1      | Found a one-way gate to the infinite horrors of the Abyss.
   466 | D:1      | Found a corrupted altar of Lugonu.
   467 | D:1      | Noticed a demonic crawler
  1128 | D:1      | Reached skill level 5 in Stealth
  1538 | D:2      | Reached XP level 3. HP: 15/16 MP: 5/8
  1574 | D:2      | Found an ancient bone altar of Kikubaaqudgha.
  1687 | D:2      | Found a faded altar of an unknown god.
  2347 | D:2      | Learned a level 3 spell: Confuse
  2464 | D:2      | Reached XP level 4. HP: 21/21 MP: 2/9
  3607 | D:2      | Found an iron altar of Okawaru.
  3607 | D:2      | Found an opulent altar of Gozag.
  3713 | D:2      | Learned a level 3 spell: Tukima's Dance
  3754 | D:2      | Found a blossoming altar of Fedhas.
  3819 | D:3      | Noticed Robin
  4064 | D:2      | Reached skill level 1 in Ice Magic
  4271 | D:3      | Killed Robin
  4271 | D:3      | Reached skill level 6 in Stealth
  4534 | D:3      | Reached XP level 5. HP: 24/24 MP: 11/11
  4554 | D:3      | Found a sparkling altar of Nemelex Xobeh.
  5054 | D:4      | Reached skill level 7 in Stealth
  5153 | D:4      | Learned a level 3 spell: Dazzling Spray
  5438 | D:4      | Found a shadowy altar of Dithmenos.
  5448 | D:4      | Became a worshipper of Dithmenos the Shadowed
  5960 | D:5      | Entered Level 5 of the Dungeon
  6056 | D:5      | Found a glowing drain.
  6062 | D:5      | Noticed Eustachio
  6081 | D:5      | Killed Eustachio
  6081 | D:5      | Reached skill level 8 in Stealth
  6081 | D:5      | Reached skill level 5 in Hexes
  6081 | D:5      | Reached XP level 6. HP: 11/28 MP: 5/13
  6257 | Sewer    | Entered a sewer
  6394 | Sewer    | Reached * piety under Dithmenos
  7075 | Sewer    | Reached skill level 5 in Spellcasting
  7075 | Sewer    | Reached XP level 7. HP: 26/32 MP: 8/15
  7380 | Sewer    | Reached skill level 9 in Stealth
  7621 | D:5      | Found a runed door.
  7622 | D:5      | Reached ** piety under Dithmenos
  7743 | D:5      | Found a runed door.
  7771 | D:5      | Reached skill level 10 in Stealth
  8795 | D:5      | Reached XP level 8. HP: 37/37 MP: 14/17
  9226 | D:5      | Reached skill level 1 in Fighting
  9553 | D:6      | Noticed a hornet
  9559 | D:6      | Killed a hornet
  9559 | D:6      | Reached skill level 11 in Stealth
  9834 | D:6      | Reached *** piety under Dithmenos
  9879 | D:6      | Found a staircase to the Ecumenical Temple.
  9880 | D:6      | Found Oxamuf's Armour Shoppe.
  9919 | D:6      | Bought a +1 cloak for 161 gold pieces
 10273 | Temple   | Entered the Ecumenical Temple
 10449 | D:6      | Reached skill level 12 in Stealth
 10577 | D:7      | Reached XP level 9. HP: 42/42 MP: 1/20
 11017 | D:7      | Reached skill level 5 in Dodging
 11683 | D:7      | Reached skill level 1 in Conjurations
 12064 | D:7      | Reached skill level 13 in Stealth
 12676 | D:7      | Reached **** piety under Dithmenos
 14382 | D:8      | Reached XP level 10. HP: 46/46 MP: 20/23
 14576 | D:8      | Found a hazy altar of Hepliaklqana.
 14820 | D:9      | Found a staircase to the Lair.
 14979 | D:9      | Found Urenaac's Antique Armour Shoppe.
 14983 | D:9      | Bought a ripped robe for 182 gold pieces
 14983 | D:9      | Bought an embroidered robe for 22 gold pieces
 14990 | D:9      | Learned a level 1 spell: Magic Dart
 14993 | D:9      | Learned a level 2 spell: Slow
 15043 | D:9      | Noticed an orc sorcerer
 15182 | D:9      | Reached skill level 14 in Stealth
 15841 | D:9      | Noticed an orc knight
 16601 | D:8      | Killed an orc knight
 16601 | D:8      | Reached skill level 15 in Stealth
 17274 | D:9      | Reached skill level 10 in Spellcasting
 17274 | D:9      | Reached skill level 10 in Hexes
 17410 | D:9      | Noticed a three-headed hydra
 17425 | D:9      | Killed a three-headed hydra
 17425 | D:9      | Reached XP level 11. HP: 29/50 MP: 20/26
 17859 | D:9      | Reached ***** piety under Dithmenos
 18003 | D:9      | Reached skill level 5 in Short Blades
 18444 | D:9      | Found a deep blue altar of Sif Muna.
 18994 | D:9      | Noticed a sun demon
 19107 | D:9      | Reached skill level 16 in Stealth
 19287 | D:9      | Killed an orc sorcerer
 19544 | D:9      | Identified the +1 robe of Immorality {rCorr} (You bought it in a shop on level 9 of the Dungeon)
 19750 | D:10     | Entered Level 10 of the Dungeon
 19982 | D:8      | Got a polished dagger
 19983 | D:8      | Identified the cursed +1 dagger "Weusk" {antimagic, rF+ MR++ Int-4 Dex+5} (You found it on level 8 of the Dungeon)
 20230 | D:10     | Noticed Harold
 20247 | D:10     | Killed Harold
 20391 | D:10     | Noticed Josephine
 20407 | D:10     | Killed Josephine
 20407 | D:10     | Reached skill level 17 in Stealth
 20586 | D:10     | Noticed Erolcha
 20588 | D:10     | Killed Erolcha
 21538 | D:10     | Reached XP level 12. HP: 53/53 MP: 12/28
 21952 | D:10     | Noticed Maurice
 21958 | D:10     | Killed Maurice
 23723 | D:11     | Reached skill level 18 in Stealth
 23791 | D:11     | Found a roughly hewn altar of Beogh.
 23794 | D:11     | Found a staircase to the Orcish Mines.
 24956 | Lair:1   | Entered Level 1 of the Lair of Beasts
 25134 | Lair:1   | Noticed a seven-headed hydra
 25144 | Lair:1   | Killed a seven-headed hydra
 25144 | Lair:1   | Reached skill level 1 in Invocations
 25328 | Lair:1   | Reached skill level 19 in Stealth
 25381 | Lair:1   | Noticed a seven-headed hydra
 25388 | Lair:1   | Killed a seven-headed hydra
 26364 | Lair:2   | Reached XP level 13. HP: 58/59 MP: 30/30
 26437 | Lair:2   | Found a staircase to the Shoals.
 26835 | Lair:2   | Found a dark tunnel.
 27213 | Lair:3   | Got a scintillating tin ring
 27224 | Lair:3   | Identified the ring of the Ancients {rC+ Stlth+} (You found it on level 3 of the Lair of Beasts)
 27485 | Lair:3   | Reached skill level 20 in Stealth
 28240 | Lair:4   | Slain by a wolf

Vault maps used:
D:1:      erik_arrival_cave_to_civilisation
D:2:      grunt_temple_overflow_growth_and_decay,
          gammafunk_temple_overflow_wave, ecumenical_altar_1
D:3:      glass_columns_a, nemelex_altar_shiori, uniq_robin
D:4:      nicolae_dithmenos_the_darkroom, first_bread
D:5:      lemuel_insect_pit, portal_sewer_entry_f, uniq_eustachio
D:6:      serial_shops, kennysheep_mini_moat
D:8:      marbit_many_paths
D:9:      lemuel_castle_with_subvaults, kennysheep_little_box,
          erik_lair_orcish_takeover, serial_shops,
          nicolae_shop_overgrown_old_shop, hangedman_ranch
D:10:     uniq_harold, uniq_maurice, uniq_josephine, uniq_erolcha
D:11:     david_orc_5, grunt_ministairs_13, corexii_checkpoint_b
Temple:   eino_temple_lava
Lair:1:   grunt_megastairs_3
Lair:2:   minmay_shoals_entry_centaurs, nicolae_volcano_entry_vermiform,
          serial_bayou_shore_b
Lair:3:   grunt_megastairs_1
Lair:4:   lemuel_slime, spider_nest_entry_web_field, portal_ice_cave_entry_imps,
          grunt_megastairs_5, infiniplex_staircase_pool_2, lemuel_fruit_tree,
          uniq_sonja
Sewer:    sewer_minmay_treatment

Skill      XL: |  1  2  3  4  5  6  7  8  9 10 11 12 13 |
---------------+----------------------------------------+-----
Hexes          | 4 5 7 8 10 11 12 | 12.7
Stealth        | 5 6 8 10 12 13 15 17 19 20 | 20.1
Spellcasting   | 3 4 5 6 8 10 11 12 13 | 13.2
Ice Magic      | 1 |  1.0
Short Blades   | 2 3 4 5 6 |  6.6
Dodging        | 4 6 7 |  7.9
Fighting       | 1 2 |  2.5
Conjurations   | 1 2 |  2.3
Invocations    | 1 |  1.1

Action                   |  1- 3 |  4- 6 |  7- 9 | 10-12 | 13-15 || total
-------------------------+-------+-------+-------+-------+-------++-------
Melee: Dagger            |   169 |   156 |   260 |   494 |    57 ||  1136
       Rapier            |       |    56 |    40 |       |       ||    96
 Cast: Corona            |     2 |     1 |     1 |       |       ||     4
       Ensorcelled Hiber |    29 |    61 |    53 |   232 |    33 ||   408
       Dazzling Spray    |       |     4 |    41 |    69 |    11 ||   125
       Confuse           |       |       |    15 |    50 |     6 ||    71
Invok: Shadow Step       |       |       |       |    13 |     2 ||    15
Evoke: Wand              |     1 |       |       |     1 |       ||     2
  Use: Scroll            |     1 |    12 |    16 |     8 |     6 ||    43
       Potion            |       |       |     4 |     8 |       ||    12
 Stab: Sleeping          |    23 |    44 |    61 |   164 |    28 ||   320
       Confused          |       |       |     6 |    28 |     2 ||    36
       Distracted        |       |       |     4 |     3 |       ||     7
       Invisible         |       |       |     3 |       |       ||     3
       Petrified         |       |       |       |       |     2 ||     2
  Eat: Fruit             |     1 |     1 |     3 |       |       ||     5
       Bread ration      |     1 |       |     2 |     1 |       ||     4
       Royal jelly       |       |       |     2 |       |       ||     2
       Pizza             |       |       |       |     2 |     1 ||     3
Armor: Robe              |    27 |    41 |    34 |    21 |     9 ||   132
Dodge: Dodged            |   175 |   277 |   391 |   421 |    89 ||  1353
